 Seeded DCSS version 0.29.1-1-gd02db6906a (webtiles) character file.

Game seed: 8800239265270809476 (custom seed)

6075 GigaChad the Warrior (level 10, -6/110 HPs)
             Began as a Minotaur Fighter on Sept 28, 2022.
             Was a Priest of the Shining One.
             Mangled by a two-headed ogre
             ... wielding a +0 giant spiked club
              (19 damage)
             ... on level 11 of the Dungeon.
             The game lasted 00:19:24 (11221 turns).

GigaChad the Warrior (Minotaur Fighter)            Turns: 11221, Time: 00:19:24

Health: -6/110     AC: 15    Str: 26    XL:     10   Next: 57%
Magic:  9/9        EV:  7    Int:  5    God:    the Shining One [***...]
Gold:   443        SH:  5    Dex: 12    Spells: 9/9 levels left

rFire   + . .      SeeInvis +   M - +2 scimitar
rCold   x . .      Faith    +   c - +0 buckler
rNeg    + + .      Spirit   .   H - +0 plate armour
rPois   .          Reflect  .   (helmet restricted)
rElec   .          Harm     .   B - +0 cloak
rCorr   +          Rampage  .   (no gloves)
Will    .....                   q - +0 pair of boots
Stlth   ..........              G - amulet "Qapus" {Faith rCorr}
HPRegen 0.28/turn               f - ring "Doriecac" {Fire rN+ Dex+3 SInv}
MPRegen 0.11/turn               (no ring)

@: glowing
A: horns 2, retaliatory headbutt
a: Renounce Religion, Divine Shield, Cleansing Flame


You were on level 11 of the Dungeon.
You worshipped the Shining One.
The Shining One was most pleased with you.
You visited 1 branch of the dungeon, and saw 11 of its levels.

You collected 443 gold pieces.

Inventory:

Hand Weapons
 a - a +0 long sword
 E - a +5 long sword
 I - a +3 great sword
 J - a +0 scimitar
 M - a +2 scimitar (weapon)
 O - a +0 demon blade of venom
Missiles
 i - a throwing net
 r - 10 poisoned darts (quivered)
 P - 6 atropa-tipped darts
Armour
 b - a +0 scale mail
 c - a +0 buckler (worn)
 q - a +0 pair of boots (worn)
 B - a +0 cloak (worn)
 H - a +0 plate armour (worn)
 N - the +4 robe of Augmentation {Str+4 Int+4 Dex+4}
   (You found it on level 9 of the Dungeon)

   Str:       It affects your strength (+4).
   Int:       It affects your intelligence (+4).
   Dex:       It affects your dexterity (+4).
Jewellery
 f - the ring "Doriecac" (left hand) {Fire rN+ Dex+3 SInv}
   (You acquired it on level 1 of the Dungeon)

   [ring of fire]

   It enhances your fire magic.
   Dex:       It affects your dexterity (+3).
   rF:        It protects you from fire.
   rC:        It makes you vulnerable to cold.
   rN:        It protects you from negative energy.
   SInv:      It lets you see invisible.
 G - the amulet "Qapus" (around neck) {Faith rCorr}
   (You found it on level 7 of the Dungeon)

   [amulet of faith]

   It allows you to gain divine favour quickly.
   rCorr:     It protects you from acid and corrosion.
 Q - an amulet of regeneration
Wands
 A - a wand of flame (44)
Scrolls
 e - a scroll of teleportation
 h - a scroll of noise {unknown}
 k - 2 scrolls of magic mapping {unknown}
 p - a scroll of enchant weapon {unknown}
 s - a scroll of butterflies
 u - 4 scrolls of identify {unknown}
 v - 2 scrolls of enchant armour {unknown}
 x - a scroll of vulnerability {unknown}
 y - a scroll of immolation {unknown}
 C - a scroll of poison {unknown}
 F - a scroll of silence
 K - a scroll of brand weapon {unknown}
 L - a scroll of amnesia {unknown}
Potions
 d - a potion of might
 j - 2 potions of degeneration {unknown}
 l - 2 potions of brilliance {unknown}
 m - 2 potions of heal wounds {unknown}
 n - a potion of invisibility {unknown}
 o - a potion of mutation {unknown}
 t - 5 potions of curing {unknown}
 w - a potion of flight {unknown}
 z - 2 potions of haste {unknown}
 D - a potion of lignification {unknown}


   Skills:
 + Level 16.9 Fighting
 - Level 6.2 Long Blades
 - Level 5.5 Armour
 - Level 2.5 Dodging
 - Level 0.6 Stealth
 - Level 5.1 Shields


You had 9 spell levels left.
You didn't know any spells.
Your spell library contained the following spells:

 Spells                   Type           Power      Damage    Failure   Level
 Freeze                   Ice            0%         1d3       100%        1
 Sublimation of Blood     Necr           0%         N/A       100%        2
 Frozen Ramparts          Ice            0%         1d1       100%        3
 Inner Flame              Hex/Fire       0%         N/A       100%        3
 Anguish                  Hex/Necr       0%         N/A       100%        4
 Cause Fear               Hex            0%         N/A       100%        4
 Hailstorm                Conj/Ice       0%         3d3       100%        4
 Petrify                  Tmut/Erth      0%         N/A       100%        4
 Irradiate                Conj/Tmut      0%         3d11      100%        5
 Enfeeble                 Hex            0%         N/A       100%        7
 Discord                  Hex            0%         N/A       100%        8


Dungeon Overview and Level Annotations

Branches:
Dungeon (11/15)            Temple (0/1) D:4
   Lair: D:8-11         Orc: D:9-12

Altars:
Dithmenos
Qazlal
Trog
The Shining One

Shops:
D:9 !

Annotations:
D:9 Amaemon
D:10 Snorg


Innate Abilities, Weirdness & Mutations

You have a pair of horns on your head.
You reflexively headbutt those who attack you in melee.


Message History

You slash the killer bee!
You kill the killer bee!
You see here a killer bee corpse.
You see here a killer bee corpse.
There is a stone staircase leading down here.
You climb downwards.
Found 13 gold pieces.
There is a stone staircase leading up here.
Found a great sword.
You now have 443 gold pieces (gained 13).
You see here a +0 great sword.
You open the door.
Found an Inescapable Atlas.
There is an open door here.
A two-headed ogre comes into view.
It is wielding two +0 giant spiked clubs.
Found 12 gold pieces.
The two-headed ogre shouts in stereo!
You block the two-headed ogre's attack. The two-headed ogre barely misses you.
You slash the two-headed ogre!
The two-headed ogre is lightly wounded.
You hit the two-headed ogre but do no damage.
The two-headed ogre is lightly wounded.
The two-headed ogre hits you with a +0 giant spiked club!! x2
You hit the two-headed ogre but do no damage.
The two-headed ogre is lightly wounded.
The two-headed ogre hits you with a +0 giant spiked club!
The two-headed ogre hits you with a +0 giant spiked club.
You slash the two-headed ogre! You headbutt the two-headed ogre.
The two-headed ogre is moderately wounded.
The two-headed ogre hits you with a +0 giant spiked club!!
* * * LOW HITPOINT WARNING * * *
You block the two-headed ogre's attack.
You hit the two-headed ogre. You headbutt the two-headed ogre!
The two-headed ogre is severely wounded.
You slash the two-headed ogre!
The two-headed ogre is almost dead.
The two-headed ogre hits you with a +0 giant spiked club.
* * * LOW HITPOINT WARNING * * *
The two-headed ogre hits you with a +0 giant spiked club!!
You die...

## ####### ########## ..
.#.....####...$.....
.###.# #.'..#.O.......
.#<..# #.##...@.......
.#.#######.####.........
.#..)#.....# #...:.....
.###.#.###.# #.........
.......# ..# #######.##
########+### #


You could see a two-headed ogre.

Vanquished Creatures
  Pikel (D:6)
  A manticore (D:10)
  A yaktaur (D:10)
  Prince Ribbit (D:6)
  A wyvern (D:7)
  10 yaks
  A warg (D:10)
  A water moccasin (D:8)
  An orc warrior (D:7)
  A sky beast (D:6)
  A centaur (D:8)
  2 phantoms
  A kobold brigand (D:9)
  A lemure (D:6)
  3 necrophages
  4 bullfrogs
  22 wights
  4 killer bees (D:10)
  A crimson imp (D:4)
  3 orc priests
  A jelly (D:5)
  4 hounds
  3 iguanas
  10 orc wizards
  An adder (D:3)
  A shadow imp (D:8)
  2 white imps
  3 worms
  7 dart slugs
  23 orcs
  5 ball pythons
  7 endoplasms
  3 giant cockroaches
  6 goblins
  7 hobgoblins
  3 jackals
  7 kobolds
  6 quokkas
  3 bats
  6 frilled lizards
  A goblin skeleton (D:4)
  5 hobgoblin zombies (D:4)
  A kobold skeleton (D:4)
  2 kobold zombies (D:4)
  An orc skeleton (D:4)
  An orc zombie (D:4)
  4 rats
184 creatures vanquished.

Vanquished Creatures (others)
  An orc wizard (D:6)
  3 plants (D:10)
4 creatures vanquished.

Grand Total: 188 creatures vanquished

Notes
Turn   | Place    | Note
-------+----------+-------------------------------------------
     0 | D:1      | GigaChad the Minotaur Fighter began the quest for the Orb.
     0 | D:1      | Reached XP level 1. HP: 19/19 MP: 0/0
    42 | D:1      | Identified a scroll of acquirement
    42 | D:1      | Acquired the ring "Doriecac" {Fire rN+ Dex+3 SInv}
   165 | D:1      | Reached XP level 2. HP: 25/27 MP: 1/1
   519 | D:1      | Reached skill level 4 in Fighting
   677 | D:1      | Reached XP level 3. HP: 33/33 MP: 2/2
  1463 | D:3      | Reached XP level 4. HP: 21/40 MP: 3/3
  2349 | D:4      | Found a glowing golden altar of the Shining One.
  2370 | D:4      | Reached skill level 1 in Dodging
  2370 | D:4      | Reached XP level 5. HP: 41/46 MP: 4/4
  2401 | D:4      | Became a worshipper of the Shining One
  2421 | D:4      | Found a staircase to the Ecumenical Temple.
  2970 | D:5      | Entered Level 5 of the Dungeon
  2992 | D:5      | Found a bloodstained altar of Trog.
  3053 | D:5      | Reached skill level 5 in Long Blades
  3065 | D:5      | Reached XP level 6. HP: 37/53 MP: 5/5
  3466 | D:5      | Reached skill level 5 in Armour
  3466 | D:5      | Reached skill level 5 in Shields
  3653 | D:6      | Reached XP level 7. HP: 14/57 MP: 6/6
  3915 | D:6      | Reached skill level 5 in Fighting
  3963 | D:6      | Noticed Prince Ribbit
  3985 | D:6      | Killed Prince Ribbit
  3986 | D:6      | Reached skill level 6 in Fighting
  4330 | D:6      | Reached skill level 7 in Fighting
  5145 | D:6      | Reached * piety under the Shining One
  5161 | D:6      | Reached XP level 8. HP: 70/74 MP: 7/7
  5170 | D:6      | Reached skill level 8 in Fighting
  5379 | D:6      | Reached skill level 9 in Fighting
  5444 | D:6      | Found a stormy altar of Qazlal.
  5608 | D:6      | Noticed Pikel
  5617 | D:6      | Killed Pikel
  5618 | D:6      | Reached skill level 11 in Fighting
  5852 | D:7      | Reached XP level 9. HP: 71/89 MP: 8/8
  6122 | D:7      | Identified the amulet "Qapus" {Faith rCorr}
  6141 | D:7      | Reached skill level 12 in Fighting
  6145 | D:7      | Reached ** piety under the Shining One
  6201 | D:7      | Found a shadowy altar of Dithmenos.
  7109 | D:7      | Reached skill level 13 in Fighting
  7730 | D:8      | Reached skill level 14 in Fighting
  8924 | D:9      | Found the +4 robe of Augmentation {Str+4 Int+4 Dex+4}
  9060 | D:9      | Reached skill level 15 in Fighting
  9060 | D:9      | Reached XP level 10. HP: 39/105 MP: 9/9
  9409 | D:9      | Reached *** piety under the Shining One
  9723 | D:9      | Found Giawuxos's Distillery.
  9758 | D:9      | Noticed an orange demon
  9759 | D:9      | Noticed Amaemon
 10162 | D:10     | Entered Level 10 of the Dungeon
 10192 | D:10     | Noticed a manticore
 10207 | D:10     | Killed a manticore
 10312 | D:10     | Reached skill level 16 in Fighting
 10318 | D:10     | Noticed Snorg
 11212 | D:11     | Noticed a two-headed ogre
 11221 | D:11     | Mangled by a two-headed ogre

Illustrated notes

Levels and vault maps discovered:
D:1:      minmay_arrival_widening_spiral_wide, layout_rooms,
          serial_bayou_pond_b, minmay_crystal_room, st_stairs_3
D:2:      layout_basic, hex_tiny, minmay_tetromino_o2
D:3:      layout_rooms, hellmonk_ecumenical_altar_inner_sanctum, st_stairs_8,
          grunt_ministairs_6
D:4:      layout_cave_pods, nicolae_tso_besieged_by_evil,
          minmay_temple_entry_arrows
D:5:      layout_rooms, kennysheep_little_box
D:6:      layout_basic, general_overflow_altar, chequers_ossuary_entry_cave,
          minmay_a_box_with_orc_wizards_in_it, uniq_pikel, uniq_prince_ribbit1
D:7:      layout_basic, lemuel_crystal_altar
D:8:      layout_loops_corners
D:9:      layout_basic, serial_shops, shop, uniq_amaemon, uniq_grum
D:10:     statuecave_lemuel, layout_loops_ring,
          mainiacjoe_overflow_surrounded_room, erik_lair_orcish_takeover,
          david_orc_2, serial_rivers, chequers_serial_rivers_room_a,
          chequers_serial_rivers_marsh, chequers_serial_rivers_small_b,
          chequers_serial_rivers_room_a, minivault_20, uniq_snorg, uniq_joseph,
          uniq_psyche
D:11:     layout_roguey [special_room_orc], amcnicky_mini_pool_small

Skill      XL: |  1  2  3  4  5  6  7  8  9 10 |
---------------+-------------------------------+-----
Shields        | 4 5 |  5.1
Armour         | 4 5 |  5.5
Fighting       | 4 7 11 15 16 | 16.9
Long Blades    | 3 4 5 6 |  6.2
Dodging        | 1 2 |  2.5
Stealth        | |  0.6

Action                   |  1- 3 |  4- 6 |  7- 9 | 10-12 || total
-------------------------+-------+-------+-------+-------++-------
Melee: Long sword        |   106 |   146 |   150 |       ||   402
       Headbutt          |    14 |    35 |    58 |    30 ||   137
       Scimitar          |       |       |    59 |    97 ||   156
Throw: Dart              |       |       |       |     6 ||     6
Evoke: Wand              |       |       |     1 |       ||     1
  Use: Scroll            |     1 |     1 |     4 |     4 ||    10
Armor: Scale mail        |    61 |    80 |    77 |       ||   218
       Plate armour      |       |       |    49 |    77 ||   126
Dodge: Dodged            |    50 |    75 |    95 |    47 ||   267
Block: Buckler           |    29 |    40 |    49 |    49 ||   167
